 Dungeon Crawl Stone Soup version 0.29.1-12-g30fa7ad0bf (webtiles) character file.

Game seed: 11282892071397917111

1765826 cheesebisquit the Conqueror (level 26, 266/266 HPs)
             Began as a Minotaur Berserker on Jan 9, 2023.
             Was a Priest of Trog.
             Escaped with the Orb
             ... and 3 runes on Jan 10, 2023!
             The game lasted 05:54:27 (62246 turns).

cheesebisquit the Conqueror (Minotaur Berserker)   Turns: 62246, Time: 05:54:27

Health: 266/266    AC: 54    Str: 37    XL:     26   Next: 52%
Magic:  22/22      EV: 19    Int:  8    God:    Trog [***...]
Gold:   6379       SH: 36    Dex: 17    Spells: 25/25 levels left

rFire   + + .      SeeInvis .   a - +7 broad axe of Ragnarok {vorpal, Dex+8}
rCold   . . .      Faith    .   e - +5 tower shield
rNeg    . . .      Spirit   .   G - +10 crystal plate armour of the Other Side {Int+4}
rPois   +          Reflect  +   (helmet restricted)
rElec   .          Harm     .   F - +2 cloak
rCorr   +          Rampage  .   r - +2 pair of gloves
Will    ++...                   V - +1 pair of boots of Sophism {rCorr Str+4 Int+2}
Stlth   ..........              Y - amulet of reflection
HPRegen 0.54/turn               f - ring of Poneoryr {+Blink rPois rF+}
MPRegen 0.18/turn               J - ring of willpower

@: no status effects
A: horns 2, retaliatory headbutt, iridescent scales 1, clumsy 1, dopey 1, fire
resistance 1, passive freeze
0: Orb of Zot
}: 3/15 runes: decaying, serpentine, silver
a: Renounce Religion, Evoke Blink, Berserk, Trog's Hand


You escaped.
You worshipped Trog.
Trog was most pleased with you.
You visited 9 branches of the dungeon, and saw 46 of its levels.
You visited the Abyss 1 time.
You also visited: Bailey.

You collected 8099 gold pieces.
You spent 1720 gold pieces at shops.

Inventory:

Hand Weapons
 a - the +7 broad axe of Ragnarok (weapon) {vorpal, Dex+8}
   (Trog gifted it to you on level 2 of the Vaults)

   It inflicts extra damage upon your enemies.
   Dex:       It affects your dexterity (+8).
 b - a +9 eveningstar of freezing
 l - the +14 obsidian axe {vorpal, Mesm Drain Fly SInv}
   (You found it on level 5 of the Vaults)

   It inflicts extra damage upon your enemies.
   It occasionally summons demons to assist the wielder when it strikes in
   combat.
   Its wielder is mesmerised by any visible foes.
   It cannot be unequipped while any foes are visible.
   SInv:      It lets you see invisible.
   Fly:       It grants you flight.
   Drain:     It drains your maximum health when unequipped.
Missiles
 j - 15 atropa-tipped darts
 q - 31 poisoned darts
 x - a throwing net
 B - 5 datura-tipped darts
 O - 5 curare-tipped darts
Armour
 e - a +5 tower shield (worn)
 r - a +2 pair of gloves (worn)
 F - a +2 cloak (worn)
 G - the +10 crystal plate armour of the Other Side (worn) {Int+4}
   (You acquired it on level 8 of the Dungeon)

   Int:       It affects your intelligence (+4).
 S - a +1 cloak of preservation
 V - the +1 pair of boots of Sophism (worn) {rCorr Str+4 Int+2}
   (You acquired it on level 9 of the Dungeon)

   Str:       It affects your strength (+4).
   Int:       It affects your intelligence (+2).
   rCorr:     It protects you from acid and corrosion.
Jewellery
 c - a ring of flight
 f - the ring of Poneoryr (left hand) {+Blink rPois rF+}
   (You found it on level 5 of the Lair of Beasts)

   [ring of poison resistance]

   rF:        It protects you from fire.
   rPois:     It protects you from poison.
   +Blink:    It lets you blink.
 h - a +6 ring of strength
 y - the ring of Midwinter {Will+ Stlth+}
   (You took it off a vault guard on level 5 of the Vaults)

   [ring of willpower]

   Will:      It increases your willpower.
   Stlth:     It makes you more stealthy.
 J - a ring of willpower (right hand)
 R - the ring of Duonoy {rPois rC+ rN+ rCorr}
   (You found it on level 3 of the Vaults)

   [ring of protection from cold]

   rC:        It protects you from cold.
   rPois:     It protects you from poison.
   rN:        It protects you from negative energy.
   rCorr:     It protects you from acid and corrosion.
 Y - an amulet of reflection (around neck)
Wands
 i - a wand of roots (46)
 o - a wand of polymorph (33)
 u - a wand of flame (60)
 z - a wand of paralysis (46)
 P - a wand of digging (12)
 Q - a wand of mindburst (15)
 X - a wand of quicksilver (19)
Scrolls
 g - 18 scrolls of vulnerability
 k - 9 scrolls of magic mapping
 t - 2 scrolls of enchant weapon
 w - 4 scrolls of fog
 A - 15 scrolls of blinking
 I - a scroll of silence
 K - 15 scrolls of immolation
 M - 19 scrolls of teleportation
 T - 9 scrolls of poison
 W - 3 scrolls of summoning
 Z - 10 scrolls of fear
Potions
 d - 3 potions of cancellation
 m - 15 potions of curing
 n - 2 potions of mutation
 p - 3 potions of heal wounds
 s - 4 potions of haste
 v - 7 potions of lignification
 C - 15 potions of ambrosia
 D - 5 potions of resistance
 E - 2 potions of berserk rage
 H - 7 potions of invisibility
 N - 9 potions of flight
 U - 2 potions of magic


   Skills:
 O Level 27 Fighting
 O Level 27 Axes
 O Level 27 Armour
 + Level 21.6 Dodging
 O Level 27 Shields
 - Level 5.4 Evocations


You had 25 spell levels left.
You didn't know any spells.
Your spell library was empty.

Dungeon Overview and Level Annotations

Branches:
Dungeon (15/15)            Temple (0/1) D:5            Lair (5/5) D:10
  Swamp (4/4) Lair:2        Snake (4/4) Lair:3        Slime (0/5) Lair:5
    Orc (2/2) D:9             Elf (2/3) Orc:2        Vaults (5/5) D:13
  Crypt (0/3) Vaults:3     Depths (4/4) D:15            Zot (5/5) Depths:4
 Bailey (visited)

Altars:
Ashenzari
Dithmenos
Fedhas
Gozag
Kikubaaqudgha
Nemelex Xobeh
Okawaru
Qazlal
Ru
Trog
Vehumet
Wu Jian
Xom
Zin

Shops:
D:14 ?   Orc:1 :   Orc:2 ([!*   Snake:2 [[*(   Vaults:1 (   Depths:3 :=::
Depths:4 *

Portals:
Hell: Depths:1 Depths:2 Depths:3 Depths:4
Abyss: Depths:1 Depths:2 Depths:3
Pandemonium: Depths:2
Ziggurat: Depths:1
Bazaar: Depths:4
Trove: Depths:1 (show abyssal rune of Zot)

Annotations:
Lair:5 1 runed translucent door
Zot:5 Boris


Innate Abilities, Weirdness & Mutations

You have a pair of horns on your head.
You reflexively headbutt those who attack you in melee.
You are partially covered in iridescent scales. (AC +2)
You are clumsy. (Dex -2)
You are dopey. (Int -2)
Your flesh is heat resistant. (rF+)
A frigid envelope surrounds you and freezes all who hurt you.


Message History

There is a strange disturbance nearby!
You climb upwards.
There is a stone staircase leading down here.
An Orb Guardian comes into view.
You slash the Orb Guardian! You headbutt the Orb Guardian!
The Orb Guardian is moderately wounded.
You slice the Orb Guardian!! Your headbutt misses the Orb Guardian.
The Orb Guardian is heavily wounded.
You block the Orb Guardian's attack.
You slice the Orb Guardian!!
The Orb Guardian is almost dead.
You slice the Orb Guardian!!
You kill the Orb Guardian!
Trog accepts your kill.
An Orb Guardian comes into view.
You slash the Orb Guardian! Your headbutt misses the Orb Guardian.
The Orb Guardian is moderately wounded.
You block the Orb Guardian's attack.
You chop the Orb Guardian into pieces!!!
Your headbutt misses the Orb Guardian.
The Orb Guardian is almost dead.
You block the Orb Guardian's attack.
You slash the Orb Guardian!
You kill the Orb Guardian!
Trog accepts your kill.
A sun demon comes into view.
The sun demon shouts!
You miss the sun demon. You headbutt the sun demon!
The sun demon is moderately wounded.
You block the sun demon's attack.
You slice the sun demon!! Your headbutt misses the sun demon.
The sun demon is severely wounded.
You block the sun demon's attack.
You slash the sun demon!
You kill the sun demon!
Trog accepts your kill.
You enter the shallow water.
Moving in this stuff is going to be slow.
There is a staircase leading out of the dungeon here.
You have escaped!

......#.######..........#
....#.#.# #.#........#
#^###.#.# #.#........#
#.#...#.######.#........#
#.#.###........#........#
..#......####.##........#
##..........#.##############
##..........#.#.........~P~#
............#.#.@.###.##P~~#
#...........#.#...# #.##P~P#
#...........#.#.### #P~P##.#
##..........#.#.# #PP~##.#
#..........#.#.#####~P~...#
###.###.####.#...P~~#####.#
#.....# #.#.##P~P# #.#
#..#### #.#.##PP~# ###.#
#.....####.#~~P##.# #...###


There were no monsters in sight!

Vanquished Creatures
  6 dread liches
  2 ancient liches (Zot:5)
  4 orbs of fire
  3 juggernauts
  Boris (Vaults:3)
  Sojobo (Depths:4)
  Parghit (Depths:3)
  3 Killer Klowns (Zot:5)
  5 caustic shrikes (Depths:4)
  A curse toe (Zot:4)
  15 golden dragons
  3 bone dragons (Zot:2)
  A Brimstone Fiend (D:4)
  3 electric golems
  2 hellephants
  An Ice Fiend (D:15)
  Rupert (D:12)
  21 tentacled monstrosities
  Zenata (Elf:2)
  A walking crystal tome (Depths:4)
  30 Orb Guardians
  Jorgrun (D:14)
  2 walking divine tomes
  A walking earthen tome (Depths:2)
  10 liches
  A walking frostbound tome (Depths:4)
  A pandemonium lord (Depths:4)
  11 titans
  6 quicksilver dragons
  Frances (D:12)
  3 Executioners
  An ancient champion (Vaults:3)
  8 sphinxes
  3 death cobs
  3 tentacled starspawn (Abyss:2)
  A thorn hunter (Swamp:4)
  15 storm dragons
  Agnes (D:15)
  9 tengu reavers
  A daeva (Zot:3)
  Roxanne (D:14)
  A nagaraja (Snake:2)
  16 shadow dragons
  5 draconian monks
  16 fire giants
  An iron dragon (shapeshifter) (Vaults:5)
  12 frost giants
  A cacodemon (Abyss:2)
  An iron dragon (Vaults:5)
  4 draconian knights
  4 spectral caustic shrikes (Depths:3)
  6 draconian scorchers
  Louise (D:15)
  2 caustic shrike zombies (D:15)
  22 vault wardens
  A balrug (Depths:4)
  2 orc warlords
  A ghost moth (Zot:2)
  A spriggan defender (Depths:2)
  2 deep elf elementalists
  6 draconian shifters
  4 draconian stormcallers
  2 draconian annihilators
  A war gargoyle (Vaults:5)
  17 ironbound preservers
  8 stone giants
  41 very ugly things
  7 green draconians
  3 vampire knights
  12 ironbound thunderhulks
  4 eleionomae
  17 black draconians
  Nessos (D:12)
  8 purple draconians
  5 bunyips
  11 dire elephants
  3 entropy weavers
  3 deep elf annihilators
  7 red draconians
  2 spark wasps (Depths:2)
  11 yellow draconians
  13 white draconians
  Snorg (Lair:5)
  A deep elf death mage (Vaults:5)
  15 fire dragons
  15 ettins
  3 crystal guardians
  18 yaktaur captains
  3 deep elf high priests
  2 green deaths (Swamp:4)
  Josephine (D:15)
  3 jiangshi (Depths:1)
  22 hydras
  Erolcha (D:10)
  4 great orbs of eyes
  4 peacekeepers
  3 rakshasas
  5 boulder beetles
  9 ice dragons
  2 ghost crabs
  10 ironbound frosthearts
  2 salamander tyrants (Snake:4)
  Erica (D:10)
  A catoblepas (Lair:5)
  46 vault guards
  15 anacondas
  7 centaur warriors
  14 naga warriors
  3 spriggan air magi
  7 two-headed ogres
  4 alligators
  4 ogre magi
  22 dancing weapons
  3 tengu warriors
  14 deep troll shamans
  7 death yaks
  12 deep troll earth magi
  4 orc high priests
  3 thrashing horrors
  4 spriggan berserkers
  4 vampire magi
  10 naga sharpshooters
  6 soul eaters
  8 sun demons
  9 shock serpents
  2 shadow wraiths (Vaults:5)
  Nergalle (D:12)
  15 deep elf knights
  4 sixfirhies
  5 skeletal warriors
  9 salamander mystics
  2 glowing orange brains (shapeshifter) (Vaults:5)
  3 hell knights
  14 iron trolls
  A flayed ghost (Depths:4)
  4 large abominations
  5 goliath frogs
  57 deep trolls
  12 swamp dragons
  2 shadow demons
  3 spriggan druids
  6 naga ritualists
  9 bog bodies
  2 glowing orange brains
  5 deep elf archers (Elf:1)
  16 ironbound convokers
  4 lindwurms
  A shadow dragon zombie (D:15)
  3 phantasmal warriors (Vaults:5)
  12 wizards
  5 orc knights
  15 deep elf pyromancers
  5 necromancers
  An oklob plant (Lair:1)
  20 deep elf zephyrmancers
  8 mana vipers
  3 orc sorcerers
  8 cyclopes
  3 will-o-the-wisps
  31 slime creatures
  57 ugly things
  A worldbinder (Abyss:2)
  21 salamanders
  A fire giant zombie (D:15)
  5 manticores
  27 moths of wrath
  9 elephants (Lair:5)
  Joseph (D:7)
  11 centaur zombies (D:11)
  10 guardian serpents
  40 black mambas
  33 vault sentinels
  A water nymph (shapeshifter) (Vaults:5)
  A rust devil (Zot:3)
  19 cane toads
  7 orange demons
  5 smoke demons (Depths:4)
  12 naga magi
  3 rime drakes
  A gargoyle (D:11)
  An unseen horror (D:12)
  A hellion (Depths:4)
  2 tormentors
  Maggie (D:10)
  2 efreet (D:15)
  4 freezing wraiths
  5 tengu conjurers
  A komodo dragon (shapeshifter) (D:14)
  11 komodo dragons
  34 yaktaurs
  A hellwing (Depths:4)
  An ancient zyme (Abyss:2)
  4 tyrant leeches
  A polar bear (Lair:3)
  A queen bee (D:13)
  3 meliai (D:13)
  A merfolk (shapeshifter) (Depths:4)
  7 trolls
  A polar bear (shapeshifter) (Depths:4)
  Grinder (D:3)
  13 hornets
  5 dream sheep (Lair:4)
  Prince Ribbit (D:7)
  12 blink frogs
  A culicivora (shapeshifter) (Elf:2)
  A meliai zombie (D:11)
  A jumping spider (Vaults:2)
  An air elemental (Elf:1)
  3 ynoxinuls (Abyss:2)
  A jumping spider (shapeshifter) (Depths:2)
  3 vampires
  5 water elementals (Depths:3)
  6 shadows
  8 wraiths
  14 spriggans
  5 basilisks
  48 yaks
  A chaos spawn (Abyss:2)
  A yak (shapeshifter) (Vaults:5)
  Eustachio (D:6)
  2 wyverns
  6 fire elementals
  9 humans (D:13)
  8 redbacks
  18 vampire mosquitoes
  Edmund (D:4)
  19 swamp worms
  54 nagas
  2 acid dragons (D:11)
  8 wargs
  An acid dragon (shapeshifter) (Elf:1)
  10 water moccasins
  A floating eye (Depths:3)
  5 swamp drakes
  A sky beast (D:7)
  31 orc warriors
  9 ogres
  A boggart (Vaults:2)
  18 wolves
  12 centaurs
  A phantom (D:4)
  2 kobold brigands
  14 bullfrogs
  4 scorpions (Elf:1)
  A necrophage (D:6)
  3 gnoll sergeants
  4 wights (D:9)
  4 earth elementals
  A small abomination (Abyss:2)
  33 killer bees
  2 vampire bats (D:11)
  3 electric eels
  5 starcursed masses (Abyss:2)
  6 hounds
  29 orc priests
  3 gnoll boudas (D:6)
  Jessica (D:3)
  Natasha (thrice) (D:4)
  43 orc wizards
  A boggart simulacrum (D:14)
  4 adders
  23 gnolls
  2 shadow imps
  A white imp (Abyss:2)
  4 ufetubi
  A worm (shapeshifter) (Vaults:5)
  4 dart slugs
  88 orcs
  4 bats
  5 bat zombies (D:11)
  3 endoplasms
  2 giant cockroaches
  9 goblins
  10 hobgoblins
  4 jackals (D:3)
  30 kobolds
  3 quokkas
  5 ball pythons
  6 frilled lizards
  2 rats
2167 creatures vanquished.

Vanquished Creatures (others)
  A quicksilver dragon (Zot:2)
  A sphinx (Vaults:3)
  A draconian knight (Zot:4)
  A ghost moth (Zot:4)
  A red draconian (Zot:3)
  A hydra (Swamp:4)
  A dancing weapon (Elf:2)
  A goliath frog (Swamp:2)
  A deep elf pyromancer (Elf:1)
  5 bloated husks
  A water elemental (Elf:1)
  A vampire mosquito (Swamp:2)
  2 swamp worms (Swamp:4)
  A swamp drake (Swamp:4)
  13 foxfires
  19 fungi
  133 plants
  2 starspawn tentacles (Abyss:2)
  8 withered plants
194 creatures vanquished.

Grand Total: 2361 creatures vanquished

Notes
Turn   | Place    | Note
-------+----------+-------------------------------------------
     0 | D:1      | cheesebisquit the Minotaur Berserker began the quest for
                  | the Orb.
     0 | D:1      | Reached XP level 1. HP: 19/19 MP: 0/0
   269 | D:1      | Reached XP level 2. HP: 26/27 MP: 1/1
   867 | D:2      | Found the +0 staff of Battle
   907 | D:2      | Reached XP level 3. HP: 33/33 MP: 2/2
   914 | D:2      | Reached ** piety under Trog
   947 | D:2      | Found a faded altar of an unknown god.
  1475 | D:3      | Noticed Jessica
  1481 | D:3      | Killed Jessica
  1482 | D:3      | Reached XP level 4. HP: 18/40 MP: 3/3
  2099 | D:3      | Noticed Grinder
  2127 | D:3      | Paralysed by Grinder for 3 turns
  2130 | D:3      | Killed Grinder
  2131 | D:3      | Reached XP level 5. HP: 8/46 MP: 4/4
  2131 | D:3      | Reached XP level 6. HP: 9/52 MP: 5/5
  2583 | D:4      | Noticed Edmund
  2594 | D:4      | Killed Edmund
  2595 | D:4      | Reached XP level 7. HP: 59/59 MP: 6/6
  2724 | D:4      | Found a stormy altar of Qazlal.
  2724 | D:4      | Found a broken altar of Ashenzari.
  2725 | D:4      | Noticed Natasha
  2729 | D:4      | Found a blossoming altar of Fedhas.
  2730 | D:4      | Found a shimmering altar of Xom.
  2731 | D:4      | Found a shadowy altar of Dithmenos.
  2738 | D:4      | Killed Natasha
  2745 | D:4      | Noticed Natasha
  2753 | D:4      | Killed Natasha
  2829 | D:4      | Noticed Natasha
  2839 | D:4      | Killed Natasha
  2849 | D:4      | You fall into a shaft and drop 2 floors!
  3167 | D:6      | Reached skill level 10 in Axes
  3203 | D:6      | Reached XP level 8. HP: 47/66 MP: 7/7
  3234 | D:6      | Noticed Eustachio
  3237 | D:6      | Reached *** piety under Trog
  3244 | D:6      | Killed Eustachio
  3810 | D:5      | Entered Level 5 of the Dungeon
  3813 | D:5      | Found an iron altar of Okawaru.
  4364 | D:5      | Found a staircase to the Ecumenical Temple.
  4488 | D:5      | Found a glowing silver altar of Zin.
  4904 | D:5      | Found a bloodstained altar of Trog.
  5241 | D:6      | Identified the +3 flail of the Ancients {drain, rPois rF+
                  | Will+ Dex+2}
  5365 | D:6      | Found an ornate altar of the Wu Jian Council.
  5538 | D:7      | Noticed Joseph
  5539 | D:7      | Identified the +8 scale mail of Oblivion {Rampage Str+3
                  | Dex-4}
  5598 | D:7      | Killed Joseph
  5599 | D:7      | Reached XP level 9. HP: 65/71 MP: 8/8
  5871 | D:7      | Noticed Prince Ribbit
  5898 | D:7      | Killed Prince Ribbit
  6083 | D:7      | Reached skill level 15 in Axes
  6546 | D:8      | Found a flagged portal.
  6560 | Bailey   | Entered a bailey
  6570 | Bailey   | Noticed an orc warlord
  6649 | Bailey   | Found a runed translucent gate.
  6652 | Bailey   | Found a runed translucent gate.
  6654 | Bailey   | Found a runed translucent gate.
  6860 | Bailey   | Killed an orc warlord
  6861 | Bailey   | Reached XP level 10. HP: 64/79 MP: 9/9
  6896 | Bailey   | Identified the +1 plate armour of Restlessness {Will++
                  | Int-4}
  6927 | D:8      | Acquired the +10 crystal plate armour of the Other Side
                  | {Int+4}
  7562 | D:8      | Found an opulent altar of Gozag.
  7764 | D:9      | Found a radiant altar of Vehumet.
  7784 | D:9      | Reached skill level 1 in Shields
  7947 | D:9      | Reached **** piety under Trog
  7948 | D:9      | Reached skill level 5 in Fighting
  8256 | D:9      | Found a staircase to the Orcish Mines.
  8379 | D:9      | Acquired the +1 pair of boots of Sophism {rCorr Str+4
                  | Int+2}
  8442 | D:9      | Noticed a boulder beetle
  8461 | D:9      | Killed a boulder beetle
  8462 | D:9      | Reached skill level 5 in Armour
  8512 | D:10     | Entered Level 10 of the Dungeon
  8617 | D:10     | Noticed Maggie
  8626 | D:10     | Killed Maggie
  8627 | D:10     | Reached XP level 11. HP: 90/90 MP: 10/10
  8641 | D:10     | Noticed Erica
  8654 | D:10     | Killed Erica
  8674 | D:10     | Reached skill level 5 in Shields
  8675 | D:10     | Found a staircase to the Lair.
  8778 | D:10     | Found a sparkling altar of Nemelex Xobeh.
  9070 | D:10     | Noticed Erolcha
  9076 | D:10     | Killed Erolcha
  9490 | D:11     | Noticed a two-headed ogre
  9499 | D:11     | Killed a two-headed ogre
  9522 | D:11     | Reached XP level 12. HP: 99/105 MP: 11/11
  9642 | D:11     | Noticed an ogre mage
  9649 | D:11     | Killed an ogre mage
  9650 | D:11     | Reached skill level 10 in Fighting
  9684 | D:11     | Noticed a boulder beetle
  9685 | D:11     | Noticed a centaur warrior
  9698 | D:11     | Killed a boulder beetle
  9701 | D:11     | Killed a centaur warrior
  9702 | D:11     | Reached skill level 10 in Armour
  9810 | D:11     | Noticed a two-headed ogre
  9810 | D:11     | Noticed a boulder beetle
  9817 | D:11     | Killed a boulder beetle
  9820 | D:11     | Killed a two-headed ogre
  9887 | D:11     | Reached skill level 10 in Shields
  9917 | D:11     | Noticed a two-headed ogre
  9923 | D:11     | Killed a two-headed ogre
 10102 | D:11     | Found an ancient bone altar of Kikubaaqudgha.
 10269 | D:12     | Noticed Rupert
 10285 | D:12     | Killed Rupert
 10288 | D:12     | Noticed Frances
 10302 | D:12     | Killed Frances
 10492 | D:12     | Noticed Nessos
 10504 | D:12     | Killed Nessos
 10505 | D:12     | Reached XP level 13. HP: 117/117 MP: 12/12
 10968 | D:12     | Noticed Nergalle
 10978 | D:12     | Killed Nergalle
 11890 | D:13     | Found a gate to the Vaults.
 12085 | Lair:1   | Entered Level 1 of the Lair of Beasts
 12370 | Lair:1   | Reached XP level 14. HP: 130/130 MP: 13/13
 13447 | Lair:2   | Found a staircase to the Swamp.
 13477 | Lair:2   | Reached ***** piety under Trog
 14190 | Lair:3   | Found a staircase to the Snake Pit.
 15372 | Lair:5   | Entered Level 5 of the Lair of Beasts
 15378 | Lair:5   | Reached skill level 15 in Fighting
 15411 | Lair:4   | HP: 4/135 [death yak (14)]
 15871 | Lair:4   | Reached skill level 15 in Armour
 16219 | Lair:5   | Reached skill level 15 in Shields
 16463 | Lair:5   | Reached XP level 15. HP: 143/143 MP: 14/14
 16684 | Lair:5   | Noticed Snorg
 16703 | Lair:5   | Killed Snorg
 16991 | Lair:5   | Identified the ring of Poneoryr {+Blink rPois rF+}
 17008 | Lair:5   | Found a runed translucent door.
 17009 | Lair:5   | Noticed an acid blob
 17013 | Lair:5   | Found a staircase to the Slime Pits.
 17013 | Lair:5   | Noticed an acid blob
 17358 | Orc:1    | Entered Level 1 of the Orcish Mines
 17412 | Orc:2    | Entered Level 2 of the Orcish Mines
 17451 | Orc:1    | Found Ymilew's Book Shoppe.
 17550 | Orc:1    | Reached skill level 1 in Evocations
 18491 | Orc:2    | Found a staircase to the Elven Halls.
 18700 | Orc:2    | Found Ampyots's General Store.
 18701 | Orc:2    | Found Yduwip's Armour Shoppe.
 18725 | Orc:2    | Found Luenlor's Antique Armour Shoppe.
 18729 | Orc:2    | Found Uxipafax's Distillery.
 18732 | Orc:2    | Bought a scroll of enchant armour for 90 gold pieces
 18732 | Orc:2    | Bought a potion of might for 48 gold pieces
 18732 | Orc:2    | Bought a potion of curing for 36 gold pieces
 18740 | Orc:2    | Bought a potion of haste for 130 gold pieces
 18740 | Orc:2    | Bought a potion of curing for 39 gold pieces
 18740 | Orc:2    | Bought a potion of curing for 39 gold pieces
 18878 | Orc:2    | Found Gasotha's Antique Weapon Boutique.
 19267 | D:14     | Noticed Jorgrun
 19277 | D:14     | Killed Jorgrun
 19327 | D:14     | Found Rabre's Magic Scroll Boutique.
 19337 | D:14     | Bought a scroll of blinking for 75 gold pieces
 19337 | D:14     | Bought a scroll of enchant armour for 75 gold pieces
 19337 | D:14     | Bought a scroll of fear for 40 gold pieces
 19337 | D:14     | Bought a scroll of blinking for 75 gold pieces
 19337 | D:14     | Bought 3 scrolls of teleportation for 90 gold pieces
 19337 | D:14     | Bought a scroll of acquirement for 520 gold pieces
 19346 | D:14     | Acquired a manual of Axes
 19428 | D:14     | Identified Roxanne's Folio of Silt
 19428 | D:14     | Noticed Roxanne
 19441 | D:14     | Killed Roxanne
 19997 | D:15     | Entered Level 15 of the Dungeon
 20429 | D:15     | Found a staircase to the Depths.
 20777 | D:15     | Noticed Josephine
 20795 | D:15     | Killed Josephine
 20906 | D:15     | Noticed Louise
 20927 | D:15     | Killed Louise
 20927 | D:15     | Received a gift from Trog
 20928 | D:15     | Reached XP level 16. HP: 117/155 MP: 15/15
 21143 | D:15     | Noticed Agnes
 21158 | D:15     | Killed Agnes
 21531 | D:13     | Gained mutation: You are agile. (Dex +4, Str/Int -1)
                  | [potion of mutation]
 21531 | D:13     | Gained mutation: You expend magic power (3 MP) to
                  | strengthen your wands. [potion of mutation]
 21532 | D:13     | Lost mutation: You expend magic power (3 MP) to strengthen
                  | your wands. [potion of mutation]
 21532 | D:13     | Lost mutation: You are agile. (Dex +4, Str/Int -1) [potion
                  | of mutation]
 21532 | D:13     | Gained mutation: You are agile. (Dex +4, Str/Int -1)
                  | [potion of mutation]
 21533 | D:13     | Lost mutation: You are agile. (Dex +4, Str/Int -1) [potion
                  | of mutation]
 21533 | D:13     | Gained mutation: You are strong-willed. (Will+) [potion of
                  | mutation]
 21533 | D:13     | Gained mutation: You sometimes lose your temper in combat.
                  | [potion of mutation]
 21533 | D:13     | Gained mutation: You have large cloven feet. [potion of
                  | mutation]
 21533 | D:13     | Gained mutation: You passively dampen the noise of your
                  | surroundings. [potion of mutation]
 21534 | D:13     | Lost mutation: You have large cloven feet. [potion of
                  | mutation]
 21534 | D:13     | Lost mutation: You sometimes lose your temper in combat.
                  | [potion of mutation]
 21534 | D:13     | Gained mutation: You are frail. (-10% HP) [potion of
                  | mutation]
 21534 | D:13     | Gained mutation: You are partially covered in iridescent
                  | scales. (AC +2) [potion of mutation]
 21534 | D:13     | Gained mutation: Your muscles are strong. (Str +4, Int/Dex
                  | -1) [potion of mutation]
 21535 | D:13     | Lost mutation: You are frail. (-10% HP) [potion of
                  | mutation]
 21535 | D:13     | Lost mutation: Your muscles are strong. (Str +4, Int/Dex
                  | -1) [potion of mutation]
 21535 | D:13     | Gained mutation: You have a beak for a mouth. [potion of
                  | mutation]
 21535 | D:13     | Gained mutation: You have large cloven feet. [potion of
                  | mutation]
 21906 | Orc:2    | Bought a potion of mutation for 104 gold pieces
 21906 | Orc:2    | Bought a potion of mutation for 104 gold pieces
 21906 | Orc:2    | Lost mutation: You have a beak for a mouth. [potion of
                  | mutation]
 21906 | Orc:2    | Lost mutation: You are strong-willed. (Will+) [potion of
                  | mutation]
 21906 | Orc:2    | Gained mutation: You are weak. (Str -2) [potion of
                  | mutation]
 21906 | Orc:2    | Gained mutation: You have sharp fingernails. [potion of
                  | mutation]
 21907 | Orc:2    | Lost mutation: You have large cloven feet. [potion of
                  | mutation]
 21907 | Orc:2    | Lost mutation: You passively dampen the noise of your
                  | surroundings. [potion of mutation]
 21907 | Orc:2    | Gained mutation: Armour fits poorly on your strangely
                  | shaped body. [potion of mutation]
 21907 | Orc:2    | Gained mutation: Your spells are a little easier to cast,
                  | but a little less powerful. [potion of mutation]
 21908 | Orc:2    | Lost mutation: Your spells are a little easier to cast, but
                  | a little less powerful. [potion of mutation]
 21908 | Orc:2    | Lost mutation: Armour fits poorly on your strangely shaped
                  | body. [potion of mutation]
 21908 | Orc:2    | Lost mutation: You have sharp fingernails. [potion of
                  | mutation]
 21908 | Orc:2    | Gained mutation: You have sharp toenails. [potion of
                  | mutation]
 21908 | Orc:2    | Gained mutation: You are resistant to electric shocks.
                  | (rElec) [potion of mutation]
 22069 | Snake:1  | Entered Level 1 of the Snake Pit
 23058 | Snake:2  | Reached skill level 5 in Evocations
 23525 | Snake:2  | Found Ufimm's Antique Weapon Shoppe.
 23525 | Snake:2  | Found Ciynnisu's Armour Emporium.
 23526 | Snake:2  | Found Eciosmil's General Store.
 23530 | Snake:2  | Found Haesic's Antique Armour Emporium.
 23536 | Snake:2  | Bought a shiny tower shield for 255 gold pieces
 24571 | Snake:3  | Received a gift from Trog
 25322 | Snake:4  | Entered Level 4 of the Snake Pit
 25478 | Snake:4  | Reached XP level 17. HP: 166/166 MP: 16/16
 26191 | Snake:4  | Got a serpentine rune of Zot
 26639 | Swamp:1  | Entered Level 1 of the Swamp
 28075 | Swamp:2  | Identified the +9 hand axe of the Vanishing Thickets
                  | {speed, rCorr}
 28756 | Swamp:3  | Reached XP level 18. HP: 173/180 MP: 17/17
 29263 | Swamp:4  | Entered Level 4 of the Swamp
 29559 | Swamp:4  | Noticed a tentacled monstrosity
 29568 | Swamp:4  | Killed a tentacled monstrosity
 29809 | Swamp:4  | Reached ****** piety under Trog
 29855 | Swamp:4  | Got a decaying rune of Zot
 30197 | Vaults:1 | Entered Level 1 of the Vaults
 31046 | Vaults:1 | Found Tedwe's Antique Weapon Shop.
 31833 | Vaults:2 | Reached XP level 19. HP: 191/191 MP: 18/18
 31891 | Vaults:2 | Received a gift from Trog
 32841 | Vaults:2 | Identified the +7 broad axe of Ragnarok {vorpal, Dex+8}
                  | (Trog gifted it to you on level 2 of the Vaults)
 32841 | Vaults:2 | Received a gift from Trog
 33627 | Vaults:3 | Identified the ring of Duonoy {rPois rC+ rN+ rCorr}
 33692 | Vaults:3 | Received a gift from Trog
 33821 | Vaults:3 | Noticed Boris
 33838 | Vaults:3 | Killed Boris
 34204 | Vaults:3 | Reached XP level 20. HP: 205/205 MP: 19/19
 34384 | Vaults:3 | Found a staircase to the Crypt.
 35271 | Abyss:2  | Found a corrupted altar of Lugonu.
 35271 | Abyss:2  | Cast into level 2 of the Abyss (a wizard)
 35400 | Abyss:2  | Gained mutation: Your body sometimes deteriorates upon
                  | taking damage. [a cacodemon]
 35527 | Vaults:4 | Escaped the Abyss
 35532 | Vaults:4 | Received a gift from Trog
 35599 | Vaults:4 | Paralysed by a sphinx for 2 turns
 35692 | Vaults:4 | Identified the +7 broad axe of Glory {vorpal, rC+}
 36062 | Vaults:4 | Identified the ring "Nesoola" {Ice Str+4}
 36735 | Depths:1 | Entered Level 1 of the Depths
 36952 | Depths:1 | Found a one-way gate to the infinite horrors of the Abyss.
 37015 | Depths:1 | Found a sacrificial altar of Ru.
 37155 | Depths:1 | Found a gateway to Hell.
 37387 | Depths:1 | Found a one-way gateway to a ziggurat.
 37742 | Depths:1 | Reached XP level 21. HP: 217/217 MP: 20/20
 37866 | Depths:1 | Noticed a golden dragon
 37874 | Depths:1 | Killed a golden dragon
 37898 | Depths:1 | Found a portal to a secret trove of treasure.
 37964 | Depths:1 | Received a gift from Trog
 38629 | Depths:2 | Found a one-way gate leading to the halls of Pandemonium.
 38794 | Depths:2 | Noticed a juggernaut
 38802 | Depths:2 | Killed a juggernaut
 38862 | Depths:2 | Noticed a golden dragon
 38868 | Depths:2 | Killed a golden dragon
 38979 | Depths:2 | Noticed a golden dragon
 38987 | Depths:2 | Killed a golden dragon
 39092 | Depths:2 | Noticed a golden dragon
 39116 | Depths:2 | Killed a golden dragon
 39334 | Depths:2 | Noticed a golden dragon
 39395 | Depths:2 | Killed a golden dragon
 39395 | Depths:2 | Identified the +1 plate armour of Fun {+Inv rN+}
 39495 | Depths:2 | Identified the +9 long sword "Verulec" {vamp, SInv}
 40360 | Depths:2 | Reached XP level 22. HP: 222/229 MP: 21/21
 41191 | Depths:3 | Found Pirph's Vocational Training.
 41440 | Depths:3 | Reached skill level 27 in Fighting
 41449 | Depths:3 | Noticed Parghit
 41563 | Depths:3 | Killed Parghit
 41691 | Depths:3 | Found Gore's Book Emporium.
 41691 | Depths:3 | Found Epsawu's Jewellery Boutique.
 41692 | Depths:3 | Found Dioja's Book Emporium.
 41919 | Depths:3 | Noticed a juggernaut
 41919 | Depths:3 | Noticed a juggernaut
 41932 | Depths:3 | Killed a juggernaut
 41936 | Depths:3 | Killed a juggernaut
 42212 | Depths:3 | Identified the +7 chain mail of Hoguco {Str+6}
 42324 | Depths:3 | Noticed a golden dragon
 42334 | Depths:3 | Killed a golden dragon
 43391 | Snake:4  | Lost mutation: You are resistant to electric shocks.
                  | (rElec) [potion of mutation]
 43391 | Snake:4  | Lost mutation: You are weak. (Str -2) [potion of mutation]
 43391 | Snake:4  | Gained mutation: You are robust. (+10% HP) [potion of
                  | mutation]
 43392 | Snake:4  | Lost mutation: Your body sometimes deteriorates upon taking
                  | damage. [potion of mutation]
 43392 | Snake:4  | Lost mutation: You have sharp toenails. [potion of
                  | mutation]
 43392 | Snake:4  | Gained mutation: Your flesh is heat resistant. (rF+)
                  | [potion of mutation]
 43392 | Snake:4  | Gained mutation: A frigid envelope surrounds you and
                  | freezes all who hurt you. [potion of mutation]
 43873 | Depths:4 | Entered Level 4 of the Depths
 43881 | Depths:4 | Noticed a caustic shrike
 43881 | Depths:4 | Noticed a caustic shrike
 43881 | Depths:4 | Noticed a caustic shrike
 43881 | Depths:4 | Noticed a caustic shrike
 43881 | Depths:4 | Noticed a caustic shrike
 43892 | Depths:4 | Killed a caustic shrike
 43895 | Depths:4 | Killed a caustic shrike
 43897 | Depths:4 | Killed a caustic shrike
 43900 | Depths:4 | Killed a caustic shrike
 43901 | Depths:4 | Killed a caustic shrike
 44614 | Depths:4 | Noticed a golden dragon
 44624 | Depths:4 | Killed a golden dragon
 44645 | Depths:4 | Found a gate to the Realm of Zot.
 44646 | Depths:4 | Noticed a golden dragon
 44662 | Depths:4 | Killed a golden dragon
 45315 | Depths:4 | Reached XP level 23. HP: 264/264 MP: 22/22
 45341 | Depths:4 | Found a gateway to a bazaar.
 45634 | Depths:4 | Found Limozxol's Elemental Accessories.
 45766 | Depths:4 | Noticed Sojobo
 45772 | Depths:4 | Paralysed by an air elemental for 1 turns
 45781 | Depths:4 | Killed Sojobo
 46761 | Elf:1    | Entered Level 1 of the Elven Halls
 47009 | Elf:1    | Identified the +0 leather armour of Addody Leten {Rampage
                  | Int+4}
 47178 | Elf:1    | Identified the +7 dagger "Spider's Death Toll" {drain,
                  | rPois rF+ MP+9 Str+4}
 47724 | Elf:1    | Identified the +6 dagger "Rahuer Vile" {flame, +Blink Str-4
                  | Int+7}
 48045 | Elf:2    | Reached skill level 27 in Axes
 48072 | Elf:2    | Noticed Zenata
 48091 | Elf:2    | Killed Zenata
 48218 | Elf:2    | Found a runed translucent gate.
 48218 | Elf:2    | Found a runed translucent gate.
 48218 | Elf:2    | Found a runed translucent gate.
 48869 | Elf:2    | Acquired 850 gold pieces
 50083 | Vaults:5 | Entered Level 5 of the Vaults
 50293 | Vaults:5 | Received a gift from Trog
 50449 | Vaults:5 | Reached XP level 24. HP: 267/273 MP: 22/22
 50470 | Vaults:5 | Identified the +9 hand axe "Feoqy" {flame, rCorr}
 50470 | Vaults:5 | Identified the ring of Midwinter {Will+ Stlth+}
 50483 | Vaults:5 | Identified the +6 flail of Xinimueh {flame, rF+ Int+2}
 51038 | Vaults:5 | Identified the +8 dagger "Stringbean" {protect, Will+}
 51364 | Vaults:5 | Got a silver rune of Zot
 51430 | Vaults:5 | Identified the +8 flail "Deteschor" {flame, rElec Str-4
                  | Dex+6 Stlth+}
 51479 | Vaults:5 | Found the +14 obsidian axe {vorpal, Mesm Drain Fly SInv}
 51686 | Vaults:5 | Identified the +6 hand axe of Owedda Taosa {venom, rCorr}
 52299 | Zot:1    | Entered Level 1 of the Realm of Zot
 53535 | Zot:1    | Received a gift from Trog
 54057 | Zot:2    | Reached skill level 27 in Armour
 54305 | Zot:2    | Reached skill level 27 in Shields
 54361 | Zot:2    | Reached skill level 5 in Dodging
 54650 | Zot:2    | Noticed an orb of fire
 54663 | Zot:2    | Killed an orb of fire
 55489 | Zot:3    | Noticed a dread lich
 55529 | Zot:2    | Killed a dread lich
 55530 | Zot:2    | Reached skill level 10 in Dodging
 55530 | Zot:2    | Reached XP level 25. HP: 257/282 MP: 22/22
 57072 | Zot:3    | You fall into a shaft and drop 1 floor!
 58346 | Zot:4    | Reached skill level 15 in Dodging
 59363 | Zot:5    | Entered Level 5 of the Realm of Zot
 60022 | Zot:5    | Noticed a dread lich
 60055 | Zot:5    | Killed a dread lich
 60107 | Zot:5    | Gained mutation: You are dopey. (Int -2) [mutagenic glow]
 60125 | Zot:5    | Lost mutation: You are robust. (+10% HP) [mutagenic glow]
 60133 | Zot:5    | Gained mutation: You are clumsy. (Dex -2) [mutagenic glow]
 60137 | Zot:5    | Noticed an ancient lich
 60147 | Zot:5    | Killed an ancient lich
 60293 | Zot:5    | Noticed an orb of fire
 60323 | Zot:5    | Noticed an orb of fire
 60323 | Zot:5    | Noticed a dread lich
 60324 | Zot:5    | Noticed a Killer Klown
 60343 | Zot:5    | Killed an orb of fire
 60345 | Zot:5    | Killed a Killer Klown
 60362 | Zot:5    | Killed a dread lich
 60508 | Zot:5    | Reached XP level 26. HP: 266/266 MP: 22/22
 60583 | Zot:5    | Noticed an orb of fire
 60586 | Zot:5    | Noticed a dread lich
 60586 | Zot:5    | Noticed an ancient lich
 60587 | Zot:5    | Noticed a dread lich
 60603 | Zot:5    | Killed an orb of fire
 60604 | Zot:5    | Killed an ancient lich
 60607 | Zot:5    | Killed a dread lich
 60608 | Zot:5    | Killed a dread lich
 60736 | Zot:5    | Killed an orb of fire
 60987 | Zot:5    | Noticed a dread lich
 61001 | Zot:5    | Killed a dread lich
 61148 | Zot:5    | Got the Orb of Zot
 61198 | Zot:5    | Noticed Boris
 61397 | Depths:4 | Noticed Sevvip the pandemonium lord
 61421 | Depths:4 | Killed Sevvip the pandemonium lord
 62117 | D:4      | Noticed Itiatef the pandemonium lord
 62246 | D:$      | Escaped with the Orb!

Illustrated notes

Levels and vault maps discovered:
D:1:      psy_arrival_conway, layout_basic
D:2:      layout_basic, hellmonk_ecumenical_altar_arch_garden,
          chequers_serial_rivers_micro_b, hangedman_decor_riveting,
          hangedman_decor_growths
D:3:      layout_loops_ring, uniq_grinder, uniq_jessica
D:4:      layout_basic, grunt_temple_overflow_open,
          chequers_serial_rivers_small_3, uniq_edmund, uniq_natasha
D:5:      layout_basic, amcnicky_altar_gilded, nicolae_overflow_hidden_temple,
          lemuel_round_altar, minmay_temple_entry_offerings,
          minmay_misc_feat_tower, grunt_decor_cap
D:6:      layout_basic, mainiacjoe_overflow_chevrons, uniq_eustachio
D:7:      layout_basic, uniq_joseph, uniq_prince_ribbit1
D:8:      layout_basic, lemuel_coloured_pillars_altar, enter_bailey_5,
          kennysheep_decorative_pillar
D:9:      layout_roguey, nicolae_vehumet_radiance,
          minmay_orc_entry_temple_small, minmay_tree_intersection
D:10:     layout_basic, mainiacjoe_overflow_boulevard, david_lair_shrubbed,
          uniq_maggie, uniq_erica, uniq_erolcha
D:11:     wad_arrow_thing, layout_long_grid, serial_undead, serial_undead_d,
          serial_undead_b, serial_undead_a, serial_undead_e,
          kennysheep_vampire_church
D:12:     minmay_curly_fans, layout_small_grid, nooodl_orcs_dogs, uniq_rupert,
          uniq_nessos, uniq_nergalle, uniq_frances
D:13:     layout_roguey [special_room_bee], ximxim_vaults_locker_room
D:14:     layout_rooms, serial_shops, nicolae_shop_trees, st_stairs_4,
          grunt_tough_drop, uniq_roxanne, uniq_jorgrun
D:15:     gammafunk_depths_entry_grave, layout_gridville, dk_noncrumbling_2,
          special_room [special_room_orc], drop_trap, uniq_louise, uniq_agnes,
          uniq_josephine
Lair:1:   layout_gridlike, serial_bayou_ford_a, minmay_lair_oklob_items,
          hangedman_lair_generics_rect, serial_bayou_shore_a
Lair:2:   layout_hall_layers, swamp_mist
Lair:3:   layout_chaotic_city, guppyfry_snake_entry_garden
Lair:4:   layout_small_grid, st_stairs_11, grunt_megastairs_3
Lair:5:   minmay_lair_end_frog_pond, layout_regular_city, slime_entry_2,
          guppyfry_lair_drakes, uniq_snorg
Swamp:1:  layout_basic_swamp, evilmike_swamp_ruin_rubble_1
Swamp:2:  layout_basic_swamp, evilmike_swamp_ruin_house_2,
          infiniplex_staircase_pool_2
Swamp:3:  layout_basic_swamp, nicolae_swamp_some_circles, swamp_pool5
Swamp:4:  swamp_vile, layout_basic_swamp
Snake:1:  layout_grid_maze
Snake:2:  nicolae_snake_crotalidae_crossing, layout_onion, minmay_shoptagon
Snake:3:  layout_layer_cave
Snake:4:  snake_pit_salamanders_mu, layout_basic
Orc:1:    layout_diamond_mine, serial_shops, shop
Orc:2:    st_orc_mages, layout_caves, serial_shops,
          nicolae_shop_competitors_out_of_business
Elf:1:    cheibrodos_salmonella, layout_geoelf_grid,
          kennysheep_underground_church, einodemon_barbed_minivault
Elf:2:    elven_hall_of_blades_hangedman_original [grunt_blade_entry_basic],
          layout_loops_ring, nicolae_elf_deep_friendship, uniq_zenata
Vaults:1: nicolae_vaults_theta, ontoclasm_vaults_idyll,
          nicolae_vaults_little_squares_5, nicolae_vaults_alarming,
          ontoclasm_vaults_decontamination, layout_vaults_omnigrid,
          serial_shops, nicolae_shop_statue_plus
Vaults:2: nicolae_vaults_network_star, vaults_room_stairs_pillars,
          ontoclasm_vaults_chip, hangedman_vaults_snaps,
          vaults_mumra_bighexcomb, vaults_dpeg_cross, nicolae_vaults_network_s,
          v_misc_33, vaults_mumra_chevron, v_rooms_1, layout_vaults_big_cross
Vaults:3: minmay_crypt_entry_simple_walls, v_rooms_2, nicolae_vaults_meeting,
          v_misc_11, nicolae_vaults_rhombus_7,
          nicolae_vaults_network_quinsquares
          [nicolae_vaults_network_quincunx_subvault,
          nicolae_vaults_network_quincunx_subvault,
          nicolae_vaults_network_quincunx_subvault,
          nicolae_vaults_network_quincunx_subvault], dpeg_vaults_monster_box,
          nicolae_vaults_three_branches, vaults_room_stairs_pillars,
          nicolae_vaults_diagonal_hallway_8, v_rooms_4, grunt_vaults_diagonal,
          v_alt_pattern_1, v_alt_pattern_4, layout_vaults_maze_bifur, uniq_boris
Vaults:4: grunt_vaults_focal, vaults_room_large_hall,
          ontoclasm_vaults_ring_small, ontoclasm_vaults_tryst,
          vaults_dpeg_hooks, v_misc_10, v_misc_3,
          nicolae_vaults_little_squares_4, v_misc_13,
          vaults_room_stairs_pillars, hangedman_vaults_impose,
          grunt_vaults_hallway_long, layout_vaults_ring
Vaults:5: serial_shops
Depths:1: layout_basic, enter_ziggurat_e, corexii_leaking_fountain,
          hangedman_coc_ice_floe, abyss_entry_small_statue_room,
          nicolae_trove_entry_columns, nicolae_ru_sacrificial_ziggurat,
          grunt_megastairs_1
Depths:2: grunt_runaround [grunt_runaround_doors_1, grunt_runaround_doors_2,
          grunt_runaround_doors_3, grunt_runaround_doors_4,
          grunt_runaround_loot], hell_entry, pan_entry, abyss_entry
Depths:3: minmay_three_patterns, layout_cave_pools, pf_hell_entry_tar_river,
          abyss_entry, nicolae_shop_vocational, minmay_shop_grove, uniq_parghit
Depths:4: grunt_zot_entry_tricorne, layout_honeycomb, hellmouth_3, serial_shops,
          bzr_entry_dummy, nicolae_elemental_shop, uniq_sojobo
Zot:1:    layout_gridlike
Zot:2:    layout_gridlike
Zot:3:    hangedman_zot_vaults_quadrants, layout_onion_interference
Zot:4:    layout_misc_corridors
Zot:5:    layout_basic

Skill      XL: |  1  2  3  4  5  6  7  8  9 10 11 12 13 14 15 16 17 18 19 20 21 22 23 24 25 26 |
---------------+-------------------------------------------------------------------------------+-----
Fighting       | 4 6 9 11 13 15 17 18 20 22 23 25 26 27 | 27.0
Axes           | 4 7 8 10 14 16 18 20 22 23 24 25 26 27 | 27.0
Armour         | 3 5 9 11 13 15 16 17 18 19 20 21 22 23 25 27 | 27.0
Dodging        | 3 10 18 21 | 21.6
Shields        | 4 8 11 13 15 16 17 18 19 20 21 22 23 25 27 | 27.0
Evocations     | 4 5 |  5.4

Action                   |  1- 3 |  4- 6 |  7- 9 | 10-12 | 13-15 | 16-18 | 19-21 | 22-24 | 25-27 || total
-------------------------+-------+-------+-------+-------+-------+-------+-------+-------+-------++-------
Melee: Hand axe          |    58 |    67 |   203 |       |       |       |       |       |       ||   328
       Headbutt          |     8 |    14 |    47 |    78 |   211 |   266 |   336 |   418 |   210 ||  1588
       Broad axe         |       |       |   165 |   331 |   858 |  1070 |  1164 |  1299 |   634 ||  5521
       Flail             |       |       |       |       |    84 |       |       |       |       ||    84
       Eveningstar       |       |       |       |       |       |    46 |       |       |       ||    46
Throw: Dart              |       |       |       |       |       |       |    34 |     8 |       ||    42
Invok: Trog's Hand       |       |     4 |    15 |    16 |    36 |    27 |    47 |    55 |    29 ||   229
       Berserk           |       |     2 |    12 |    13 |    30 |    21 |    43 |    41 |    23 ||   185
 Abil: Evoke Blink       |       |       |       |       |     1 |     1 |       |       |     3 ||     5
  Use: Scroll            |       |     3 |     3 |    20 |    19 |     8 |     5 |    10 |     2 ||    70
       Potion            |       |       |       |     2 |     2 |    13 |     4 |    12 |     9 ||    42
 Stab: Distracted        |       |       |       |       |       |       |       |     1 |       ||     1
Armor: Animal skin       |     5 |       |       |       |       |       |       |       |       ||     5
       Leather armour    |     5 |       |       |       |       |       |       |       |       ||     5
       Plate armour      |    15 |    31 |   149 |       |       |       |       |       |       ||   195
       Scale mail        |       |       |    68 |     2 |       |       |       |       |       ||    70
       Crystal plate arm |       |       |       |   293 |   605 |   604 |   348 |   517 |   209 ||  2576
Dodge: Dodged            |    25 |    20 |   122 |    93 |   222 |   151 |   132 |   204 |   146 ||  1115
Block: Buckler           |       |     4 |    24 |    73 |   284 |       |       |       |       ||   385
       Reflection        |       |       |       |       |    36 |   136 |    29 |   104 |    12 ||   317
       Kite shield       |       |       |       |       |   320 |       |       |       |       ||   320
       Other             |       |       |       |       |     1 |       |       |       |       ||     1
       Tower shield      |       |       |       |       |       |  1425 |  1089 |  1462 |   687 ||  4663
